[Event "Late-Titled-Tuesday-Blitz-May-28-2024"]
[Site "Chess.com"]
[Date "2024.05.28"]
[Round "11"]
[White "Shankland"]
[Black "DanielNaroditsky"]
[Result "0-1"]
[WhiteElo "3002"]
[BlackElo "3086"]
[TimeControl "180+1"]
[EndTime "16:03:05 PDT"]
[Termination "DanielNaroditsky won by resignation"]

1. d4 Nf6 2. c4 g6 3. Nc3 Bg7 4.
e4 d6 5. Nf3 O-O 6. Be2 Na6 7.
O-O e5 8. Be3 Qe7 9. Bg5 exd4 10. Nd5 Qd8 11. Nxd4 c6 12. Nxf6+ Bxf6 13. Bxf6 Qxf6 14.
Qd2 Re8 15. f3 Nc7 16. Rac1 Ne6 17. Rfd1 Nf4 18. Bf1 h5 19. b3 h4 20. g3 hxg3 21.
hxg3 Ne6 22. Bg2 d5 23. cxd5 cxd5 24. Nb5 dxe4 25. Nd6 Rd8 26. Nxe4 Qe5 27. Qxd8+ Nxd8 28. Rxd8+ Kg7 29. f4 Qe6 30. Rc7 Qb6+ 0-1

[Event "Late-Titled-Tuesday-Blitz-May-28-2024"]
[Site "Chess.com"]
[Date "2024.05.28"]
[Round "11"]
[White "nitpicker"]
[Black "JaackCamel"]
[Result "1-0"]
[WhiteElo "2309"]
[BlackElo "2227"]
[TimeControl "180+1"]
[EndTime "16:03:05 PDT"]
[Termination "nitpicker won by resignation"]

1. d4 d5 2. c4 e6 3. Nf3 c6 4.
Qc2 dxc4 5. Qxc4 b5 6. Qc2 Bb7 7. Nbd2 Nd7 8. Nb3 Qb6 9. Be3 Qd8 10. g3 Ngf6 11. Rc1 Bb4+ 12. Bd2 Be7 13. Bg2 O-O 14. O-O Rc8 15. Nc5 Nxc5 16. dxc5 a5 17. Rfd1 Qe8 18. e4 a4 19. a3 Rd8 20. Ba5 Ra8 21. Bc7 Bd8 22. Bd6 Be7 23. h3 h6 24. Rd4 Rd8 25.
Rcd1 Rd7 26. Ne5 Rd8 27. g4 Nd7 28. Bxe7 Nxe5 29. Bxd8 1-0

[Event "Late-Titled-Tuesday-Blitz-May-28-2024"]
[Site "Chess.com"]
[Date "2024.05.28"]
[Round "11"]
[White "Slovineanu"]
[Black "Byniolus"]
[Result "0-1"]
[WhiteElo "2568"]
[BlackElo "2747"]
[TimeControl "180+1"]
[EndTime "16:03:18 PDT"]
[Termination "Byniolus won by resignation"]

1. d4 d6 2. e4 Nf6 3. Nc3 c6 4. f4 Qb6 5. Nf3 Bg4 6. Be2 Bxf3 7. Bxf3 e5 8. fxe5 dxe5 9. dxe5 Nfd7 10. e6 fxe6 11.
Bh5+ g6 12. Bg4 Na6 13. Bxe6 O-O-O 14. Bg5 Qxb2 15. Na4 Qe5 16. Bxd8 Qxe6 17. O-O Kxd8 18. Qd4 Qe5 19. Qxa7 Bc5+ 20. Nxc5 Qxc5+ 21. Qxc5 Naxc5 22. Rab1 Ke7 23. c4 Ra8 24. Rb2 Ne5 25. h3 Ra4 26. Rc1 Ned3 0-1

[Event "Late-Titled-Tuesday-Blitz-May-28-2024"]
[Site "Chess.com"]
[Date "2024.05.28"]
[Round "11"]
[White "topce"]
[Black "Orest_Vovk"]
[Result "0-1"]
[WhiteElo "2403"]
[BlackElo "2506"]
[TimeControl "180+1"]
[EndTime "16:03:23 PDT"]
[Termination "Orest_Vovk won by resignation"]

1. e4 Nc6 2. Nf3 d5 3. exd5 Qxd5 4. Nc3 Qa5 5. g3 Bg4 6. Bg2 O-O-O 7. h3 Bxf3 8. Qxf3 Qe5+ 9. Kf1 Nf6 10. d3 e6 11.
Bf4 Qa5 12. Kg1 Bd6 13. Bg5 Qxg5 14. b4 Qf5 15. Qd1 Nd4 16. g4 Qe5 17. Rb1 Nd5 18.
Ne4 Nf4 19. c3 Nde2+ 20. Kf1 Nxc3 21. Nxc3 Qxc3 22. Rc1 Qxd3+ 23. Qxd3 Nxd3 24. Rc3 Nxb4 25. Rb3 Nd5 26. Bf3 c6 27. h4 Kc7 28. g5 b6 29. Kg2 Bc5 30. Rc1 Kd6 31. a4 h6 32.
g6 fxg6 33. Be4 g5 34. h5 Rhf8 35. f3 Rf4 36. Rd3 Rdf8 37. Rcd1 g4 38. Bxd5 cxd5 39.
fxg4 Rxg4+ 40. Kh3 Rg5 41. a5 Rxh5+ 42. Kg3 Rg5+ 43.
Kh3 Rf6 44. axb6 axb6 45. Re1 Rfg6 46. Re4 Bf2 47. Rxd5+ exd5 48. Re6+ Kxe6 0-1

[Event "Late-Titled-Tuesday-Blitz-May-28-2024"]
[Site "Chess.com"]
[Date "2024.05.28"]
[Round "11"]
[White "RaugintaBulba"]
[Black "lamomiajunior"]
[Result "0-1"]
[WhiteElo "2453"]
[BlackElo "2712"]
[TimeControl "180+1"]
[EndTime "16:03:58 PDT"]
[Termination "lamomiajunior won by checkmate"]

1. d4 Nf6 2. Nc3 d5 3. Bf4 a6 4.
e3 b5 5. a3 Nbd7 6. g4 Nb6 7.
Be2 e6 8. h4 Bb7 9. g5 Ne4 10.
Nxe4 dxe4 11. h5 Bd6 12. Bxd6 Qxd6 13. Nh3 O-O 14. Nf4 Nd5 15. Nxd5 Bxd5 16. Qd2 c5 17.
O-O-O c4 18. c3 a5 19. g6 fxg6 20. hxg6 h6 21. Kc2 Rab8 22. Ra1 Rxf2 23. Qe1 Rbf8 24. Kd2 Qg3 25. Rg1 Qd6 26. Rg4 e5 27. Qg1 exd4 28.
exd4 e3+ 29. Kd1 Qf6 30. Rg3 Qf4 31. Ke1 Be4 32. Rg4 Rxe2+ 33. Kd1 Rd2+ 34. Kc1 Qf1+ 35.
Qxf1 Rxf1# 0-1

[Event "Late-Titled-Tuesday-Blitz-May-28-2024"]
[Site "Chess.com"]
[Date "2024.05.28"]
[Round "11"]
[White "Shuvalov"]
[Black "Quattroporte300"]
[Result "1-0"]
[WhiteElo "2569"]
[BlackElo "2420"]
[TimeControl "180+1"]
[EndTime "16:04:00 PDT"]
[Termination "Shuvalov won on time"]

1. d4 Nf6 2. c4 g6 3. Nc3 Bg7 4. e4 O-O 5. Nf3 d6 6. Be2 Nbd7 7. O-O e5 8. Be3 Ng4 9. Bg5 f6 10. Bh4 Nh6 11. d5 a6 12. Ne1 Qe8 13. g4 Nf7 14. Ng2 Ng5 15. f3 Nb6 16. Kh1 Bd7 17. Bf2 Nh3 18. Be3 g5 19. c5 Nc8 20. Qb3 Rb8 21.
c6 Nb6 22. cxd7 Nxd7 23. Ba7 Ra8 24. Qxb7 h5 25. Bxa6 Nf4 26. Nxf4 gxf4 27. Rg1 hxg4 28. Rxg4 Kf7 29. Bb5 Rh8 30. Qxc7 Rd8 31. Bb6 Rxh2+ 32.
Kxh2 Qh8+ 33. Kg2 1-0

[Event "Late-Titled-Tuesday-Blitz-May-28-2024"]
[Site "Chess.com"]
[Date "2024.05.28"]
[Round "11"]
[White "northridgehawk"]
[Black "robertoalejandro10"]
[Result "1-0"]
[WhiteElo "2364"]
[BlackElo "2457"]
[TimeControl "180+1"]
[EndTime "16:04:07 PDT"]
[Termination "northridgehawk won by checkmate"]

1. e4 c5 2. Nc3 g6 3. g3 Bg7 4.
Bg2 Nc6 5. Nge2 Nf6 6. O-O O-O 7. d3 b6 8. f4 Bb7 9. h3 e6 10. g4 Ne8 11. Ng3 Nd4 12. g5 f5 13. gxf6 Nxf6 14.
a4 Qe7 15. Be3 Ne8 16. a5 b5 17. a6 Bc6 18. Kh2 b4 19. Nb1 d6 20. Nd2 e5 21.
Bxd4 cxd4 22. f5 Bh6 23. Qg4 Nf6 24. Qh4 Kg7 25. Rf3 Rae8 26. fxg6 hxg6 27. Raf1 Bf4 28.
Rxf4 exf4 29. Rxf4 Nd7 30. Qg4 Rxf4 31. Nh5+ Kh6 32.
Nxf4 Ne5 33. Qg3 Qg5 34. Nb3 Rf8 35. Qxg5+ Kxg5 36. Ne6+ Kh4 37. Nxf8 g5 38. Nxd4 Be8 39. Nf3+ Nxf3+ 40. Bxf3 Bf7 41. b3 Be8 42. Bg4 Bb5 43.
Ng6# 1-0

[Event "Late-Titled-Tuesday-Blitz-May-28-2024"]
[Site "Chess.com"]
[Date "2024.05.28"]
[Round "11"]
[White "norwaytoadog"]
[Black "ExchangeAB"]
[Result "0-1"]
[WhiteElo "2320"]
[BlackElo "2482"]
[TimeControl "180+1"]
[EndTime "16:04:09 PDT"]
[Termination "ExchangeAB won by resignation"]

1. e4 c6 2. d4 d5 3. e5 Bf5 4.
Nf3 e6 5. Be2 Ne7 6. O-O h6 7.
a4 Nd7 8. Nbd2 Qc7 9. Nb3 g5 10.
Ne1 Bg7 11. Nd3 b6 12. a5 Rc8 13.
f4 c5 14. dxc5 bxc5 15. Nf2 gxf4 16. Bxf4 Bxe5 17. Bxe5 Nxe5 18. Bb5+ Kf8 19. Qh5 Bg6 20. Qh4 Kg7 21. Qg3 Nf5 22. Qf4 Nc6 23. Nh3 Qxf4 24. Nxf4 Ncd4 25. Bd3 c4 26. Bxf5 Nxf5 27. Nd2 c3 28.
bxc3 Rxc3 29. Rab1 Rxc2 30. Nf3 Rhc8 31. Rb7 R8c7 32.
Rfb1 Ne3 33. a6 Ng4 34. h3 Rc1+ 35. Ne1 Bxb1 0-1

[Event "Late-Titled-Tuesday-Blitz-May-28-2024"]
[Site "Chess.com"]
[Date "2024.05.28"]
[Round "11"]
[White "RuperezA"]
[Black "Charodej1"]
[Result "1-0"]
[WhiteElo "2741"]
[BlackElo "2504"]
[TimeControl "180+1"]
[EndTime "16:04:10 PDT"]
[Termination "RuperezA won by resignation"]

1. e4 c6 2. Nc3 d5 3. Nf3 dxe4 4. Nxe4 Nd7 5. Qe2 e6 6. g3 Ngf6 7. d3 Be7 8. Bg2 O-O 9. Bd2 a5 10. O-O Qc7 11. d4 b6 12. Bf4 Qa7 13. Rfd1 Ba6 14. Qe1 Nxe4 15. Qxe4 Nf6 16. Qe1 Nd5 17. Bd2 Rfd8 18. Rac1 Rac8 19. a3 c5 20. c4 Nf6 21.
dxc5 Bxc5 22. b4 axb4 23. axb4 Bd6 24. Ra1 Qb7 25. Nh4 Qc7 26. Rxa6 Qxc4 27. Ra7 Bb8 28. Raa1 Nd5 29. Rac1 Qb5 30. Rxc8 1-0

[Event "Late-Titled-Tuesday-Blitz-May-28-2024"]
[Site "Chess.com"]
[Date "2024.05.28"]
[Round "11"]
[White "MaiqMaster"]
[Black "Smoking_Crow"]
[Result "1-0"]
[WhiteElo "2490"]
[BlackElo "2560"]
[TimeControl "180+1"]
[EndTime "16:04:16 PDT"]
[Termination "MaiqMaster won by resignation"]

1. e4 e5 2. Nf3 Nc6 3. Bb5 Nf6 4.
O-O Nxe4 5. d4 Nd6 6. Bxc6 dxc6 7. dxe5 Nf5 8. Qxd8+ Kxd8 9. h3 Ke8 10. g4 Ne7 11. Nc3 h5 12. Nh2 Ng6 13. f4 Bc5+ 14. Kg2 hxg4 15. hxg4 Bd7 16. Ne4 Bb6 17. c4 Bd4 18.
Kg3 c5 19. Nf3 Bc6 20. Nxd4 cxd4 21. Ng5 d3 22. Be3 b6 23. Rad1 Rd8 24. e6 fxe6 25. Nxe6 Rd7 26. Bd4 Kf7 27. f5 Ne7 28. Bxg7 Rg8 29.
Bc3 b5 30. Nc5 Rd6 31. Nxd3 Kf8 32. Bb4 Rd4 33. Nf4 Rxd1 34. Rxd1 Kf7 35. Bxe7 Kxe7 36. Nd5+ Bxd5 37. Rxd5 bxc4 38. Rc5 Kd6 39. Rxc4 c5 40.
Kf4 Kd5 41. Rc3 Kd4 42. g5 Rh8 43. f6 Rh2 44. Rb3 c4 45. Rb7 a5 46. Kf5 a4 47. f7 a3 48. bxa3 c3 49. Kg6 Rf2 50. Kg7 c2 51. Rc7 Ke5 52. f8=Q 1-0

[Event "Late-Titled-Tuesday-Blitz-May-28-2024"]
[Site "Chess.com"]
[Date "2024.05.28"]
[Round "11"]
[White "egnfanclub"]
[Black "ural58"]
[Result "1-0"]
[WhiteElo "2339"]
[BlackElo "2412"]
[TimeControl "180+1"]
[EndTime "16:04:18 PDT"]
[Termination "egnfanclub won on time"]

1. e4 d5 2. exd5 Qxd5 3. Nc3 Qa5 4. Bc4 Nf6 5. d3 Bg4 6. f3 Be6 7. Bxe6 fxe6 8. Qe2 Nc6 9. Be3 Nd5 10. Bd2 Nd4 11. Qd1 Nb4 12. Rc1 O-O-O 13. a3 Ndxc2+ 14.
Rxc2 Nxc2+ 15. Qxc2 Qa6 16. Nge2 Qxd3 17. Qxd3 Rxd3 18.
Nf4 Rd6 19. Ne4 Rc6 20. Bc3 Rg8 21. Ng5 h6 22. Ngxe6 g5 23. Nd4 1-0

[Event "Late-Titled-Tuesday-Blitz-May-28-2024"]
[Site "Chess.com"]
[Date "2024.05.28"]
[Round "11"]
[White "Vladimir_Zakhartsov"]
[Black "Jospem"]
[Result "1-0"]
[WhiteElo "2891"]
[BlackElo "3024"]
[TimeControl "180+1"]
[EndTime "16:04:22 PDT"]
[Termination "Vladimir_Zakhartsov won by resignation"]

1. d4 e6 2. e4 d5 3. Nd2 Nf6 4. e5 Nfd7 5. Bd3 c5 6. c3 Nc6 7. Ne2 cxd4 8. cxd4 f6 9. exf6 Nxf6 10. Nf3 Bd6 11.
O-O Qc7 12. Bg5 O-O 13. Bh4 Nh5 14. Qc2 g6 15. Bxg6 Rxf3 16. Bxh5 Bxh2+ 17. Kh1 Rf5 18. Bg4 Rf4 19. Nxf4 Bxf4 20. Qd3 Qg7 21. Bh3 Qxd4 22.
Qxd4 Nxd4 23. Bf6 Nc6 24. g3 Bd6 25. f4 Bd7 26. Rad1 Kf7 27. f5 exf5 28. Rxd5 Kxf6 29. Rxd6+ Ke7 30. Rh6 Be6 31. Re1 Nd4 32. Rxh7+ Kd6 33. Rh6 Re8 34. Rd1 Kc5 35. b4+ Kc4 36. Rh4 Rd8 37. Bf1+ Kc3 38. Rd3+ Kc2 39. Rhxd4 Rg8 40. a3 b5 41. Re3 Bc8 42. Bxb5 Bb7+ 43. Kg1 Rh8 44.
Ba4+ Kb2 45. Rd2+ Kc1 46. Rc2+ Kd1 47. Ra2+ 1-0

[Event "Late-Titled-Tuesday-Blitz-May-28-2024"]
[Site "Chess.com"]
[Date "2024.05.28"]
[Round "11"]
[White "Abduzhaparov"]
[Black "Alphafischer2019"]
[Result "1/2-1/2"]
[WhiteElo "2521"]
[BlackElo "2659"]
[TimeControl "180+1"]
[EndTime "16:04:23 PDT"]
[Termination "Game drawn by repetition"]

1. Nf3 Nf6 2. c4 b6 3. g3 Bb7 4. Bg2 g6 5. Nc3 Bg7 6. O-O O-O 7. Re1 c5 8. e4 d6 9. d4 cxd4 10. Nxd4 Qc8 11. b3 Nbd7 12. Bb2 Nc5 13. Qd2 a6 14.
Rad1 Ra7 15. h3 Qa8 16. Nd5 Bxd5 17. exd5 Rc7 18. Nc6 Qb7 19. Re2 Re8 20. Rde1 Kf8 21. Qf4 b5 22. Qh4 Nd3 23. Bxf6 Bxf6 24. Qxf6 exf6 25.
Rxe8+ Kg7 26. R1e3 Ne5 27. Rb8 Qxb8 28. Nxb8 bxc4 29.
bxc4 Rxc4 30. Nc6 Rc1+ 31. Kh2 Nc4 32. Re7 Rc2 33. Nd8 Rxf2 34. Rxf7+ Kg8 35. Re7 Rxa2 36. Ne6 Ne3 37. Rg7+ Kh8 38. Re7 Rxg2+ 39. Kh1 h5 40. Re8+ Kh7 41. Nf8+ Kg7 42. Rxe3 Rd2 43. Ne6+ Kf7 44.
Nd8+ Kf8 45. Ne6+ Kf7 46. Nc7 Rc2 47. Ne6 Rd2 1/2-1/2

[Event "Late-Titled-Tuesday-Blitz-May-28-2024"]
[Site "Chess.com"]
[Date "2024.05.28"]
[Round "11"]
[White "jcibarra"]
[Black "karinachess1"]
[Result "1-0"]
[WhiteElo "2891"]
[BlackElo "2655"]
[TimeControl "180+1"]
[EndTime "16:04:24 PDT"]
[Termination "jcibarra won by resignation"]

1. d3 d5 2. e4 e5 3. Nf3 Nc6 4. exd5 Qxd5 5. a3 Nf6 6. Nc3 Qd8 7. g3 Be7 8. Bg2 O-O 9. O-O Re8 10. Re1 Bf8 11. h3 h6 12. Ra2 Be6 13. Ra1 Bd6 14. b4 a6 15. Bb2 Qd7 16. Kh2 Rad8 17. Na4 Bf5 18. Nd2 Nd4 19. Nc5 Bxc5 20. bxc5 c6 21. Nc4 Qc7 22. Nd6 Rxd6 23. cxd6 Qxd6 24. Qd2 b6 25.
Bxd4 exd4 26. Rxe8+ Nxe8 27. Re1 Nf6 28. Qf4 Qc5 29. Re5 Qxc2 30. Qxf5 c5 31. Bd5 Qb2 32. Re8+ Nxe8 33. Qxf7+ Kh7 34. Be4+ 1-0

[Event "Late-Titled-Tuesday-Blitz-May-28-2024"]
[Site "Chess.com"]
[Date "2024.05.28"]
[Round "11"]
[White "PhileKhoob"]
[Black "Cambek64"]
[Result "0-1"]
[WhiteElo "2347"]
[BlackElo "2529"]
[TimeControl "180+1"]
[EndTime "16:04:24 PDT"]
[Termination "Cambek64 won by checkmate"]

1. Nf3 b5 2. g3 Bb7 3. Bg2 Nf6 4.
Na3 a6 5. c4 b4 6. Nc2 c5 7. a3 a5 8. axb4 axb4 9. Rxa8 Bxa8 10. O-O e6 11. d4 Be7 12. e3 Qb6 13. b3 d6 14. Bb2 Nbd7 15. d5 exd5 16. Nh4 g6 17.
cxd5 O-O 18. e4 Bb7 19. Re1 Ne5 20. f4 Neg4 21. h3 Nh6 22. e5 Nh5 23. Qd3 Bxh4 24. gxh4 Nxf4 25. Qe3 Nxg2 26. Qxh6 Nxe1 27. e6 c4+ 28. Kf1 fxe6+ 29. Kxe1 Qg1+ 30. Ke2 Rf2+ 31. Ke3 Rxc2+ 32. Kf4 Rf2+ 33. Ke4 Bxd5+ 34. Kd4 Qd1+ 35. Ke3 Qd2# 0-1

[Event "Late-Titled-Tuesday-Blitz-May-28-2024"]
[Site "Chess.com"]
[Date "2024.05.28"]
[Round "11"]
[White "chess_sharparchitect"]
[Black "Iuckyducky"]
[Result "0-1"]
[WhiteElo "2321"]
[BlackElo "2258"]
[TimeControl "180+1"]
[EndTime "16:04:24 PDT"]
[Termination "Iuckyducky won by resignation"]

1. c4 e5 2. Nc3 Nc6 3. Nf3 Nf6 4. e3 d6 5. d4 Bd7 6. d5 Ne7 7. e4 g6 8. h3 Bg7 9. Be3 O-O 10. g4 Ne8 11.
Nd2 f5 12. f3 fxe4 13. Ncxe4 c6 14. dxc6 Bxc6 15. Bg2 d5 16. cxd5 Nxd5 17. Bc5 Qh4+ 18. Bf2 Qd8 19. O-O Nf4 20. Nc4 Qc7 21. Rc1 Rd8 22. Qc2 Kh8 23. Kh2 Qf7 24. b3 Nxg2 25. Kxg2 Qxf3+ 0-1

[Event "Late-Titled-Tuesday-Blitz-May-28-2024"]
[Site "Chess.com"]
[Date "2024.05.28"]
[Round "11"]
[White "KorolDimitriy75"]
[Black "WildBizon"]
[Result "0-1"]
[WhiteElo "2463"]
[BlackElo "2739"]
[TimeControl "180+1"]
[EndTime "16:04:25 PDT"]
[Termination "WildBizon won on time"]

1. d4 Nf6 2. c4 b6 3. Nc3 Bb7 4. Qc2 d5 5. cxd5 Nxd5 6. e4 Nxc3 7.
bxc3 e6 8. Nf3 Be7 9. Bd3 c5 10.
O-O O-O 11. Bb2 cxd4 12. cxd4 Nc6 13. a3 Rc8 14. Qe2 Na5 15. Rad1 h6 16. h3 Bf6 17.
Ne5 Qe7 18. Ng4 Rfd8 19. Nxf6+ Qxf6 20. d5 Qe7 21. Qg4 Qg5 22. dxe6 Qxg4 23. exf7+ Kxf7 24. hxg4 g6 25. f3 Ke6 26. Kf2 Bc6 27. Ba6 Rb8 28. Ke3 b5 29. Bc3 Nc4+ 30. Kf4 Rf8+ 31. Kg3 Rb6 32.
Bb4 Re8 33. a4 Rxa6 34. axb5 Bxb5 35. Rd4 Ra2 36. Rfd1 a5 37. Kh4 axb4 38. f4 Rxg2 39. f5+ gxf5 40. exf5+ Kf6 41. Rd5 Ne3 0-1

[Event "Late-Titled-Tuesday-Blitz-May-28-2024"]
[Site "Chess.com"]
[Date "2024.05.28"]
[Round "11"]
[White "mostafa_sakha"]
[Black "Dacean99"]
[Result "0-1"]
[WhiteElo "2394"]
[BlackElo "2603"]
[TimeControl "180+1"]
[EndTime "16:04:26 PDT"]
[Termination "Dacean99 won by resignation"]

1. d4 d6 2. e4 Nf6 3. Nc3 g6 4.
Nf3 Bg7 5. Be2 O-O 6. O-O a6 7. a4 Nc6 8. d5 Nb4 9. a5 e6 10.
dxe6 Bxe6 11. Bf4 Re8 12. Re1 Qd7 13. Ra4 Nh5 14. Bc1 Bxc3 15. bxc3 Qxa4 16. cxb4 Qxb4 17.
Nd4 Nf6 18. f3 Bc4 19. Bg5 Bxe2 20. Rxe2 Nd7 21. h4 Qxa5 22. Qf1 Nc5 23. Qf2 Ne6 24. Be3 Nxd4 25. Bxd4 Re6 26. Kh2 Rae8 27. Qg3 h5 28.
Qf4 Re5 29. Bxe5 Qxe5 30. Kg3 a5 31. Re3 a4 32. c4 Ra8 33. Ra3 c6 34. c5 Qxf4+ 35.
Kxf4 dxc5 36. Ke5 b5 37. Kd6 b4 38. Ra1 b3 39. Kxc5 b2 0-1

[Event "Late-Titled-Tuesday-Blitz-May-28-2024"]
[Site "Chess.com"]
[Date "2024.05.28"]
[Round "11"]
[White "eljanov"]
[Black "yaguigor"]
[Result "1-0"]
[WhiteElo "2870"]
[BlackElo "2594"]
[TimeControl "180+1"]
[EndTime "16:04:27 PDT"]
[Termination "eljanov won by resignation"]

1. a4 d5 2. e3 e5 3. d4 exd4 4. exd4 Nf6 5. Bd3 Bg4 6. Ne2 Bh5 7.
O-O Bg6 8. Nf4 Bxd3 9. Nxd3 Be7 10. c3 Nc6 11. a5 a6 12. Qb3 Rb8 13. Bf4 O-O 14.
Nd2 h6 15. Rfe1 Qd7 16. h3 Rfe8 17. Re3 Bf8 18. Rxe8 Nxe8 19. Re1 Nxa5 20. Qa2 Nc6 21. Nf3 Nf6 22. Nfe5 Nxe5 23. dxe5 Ne4 24. Be3 Qb5 25.
Rd1 Rd8 26. Nf4 c6 27. c4 Qb4 28. cxd5 cxd5 29. Nxd5 Qb5 30. Nf6+ gxf6 31. Rxd8 Kg7 32.
Qd5 Qxd5 33. Rxd5 fxe5 34. Rxe5 Nf6 35. Bd4 Kg6 36. g4 Bd6 37. Rf5 Ne4 38. Kg2 1-0

[Event "Late-Titled-Tuesday-Blitz-May-28-2024"]
[Site "Chess.com"]
[Date "2024.05.28"]
[Round "11"]
[White "jaskol95"]
[Black "dawid498"]
[Result "1-0"]
[WhiteElo "2565"]
[BlackElo "2657"]
[TimeControl "180+1"]
[EndTime "16:04:27 PDT"]
[Termination "jaskol95 won on time"]

1. e4 g6 2. d4 Bg7 3. Nc3 c6 4. Nf3 d5 5. e5 Bg4 6. h3 Bxf3 7. Qxf3 f6 8. Bf4 e6 9. O-O-O fxe5 10. dxe5 Nd7 11.
Bd3 Ne7 12. Qg4 Nc5 13. Bg5 Qd7 14. Qb4 b6 15. Bf6 O-O 16. Qh4 Bxf6 17. exf6 Nf5 18.
Bxf5 exf5 19. g4 Ne4 20. Nxe4 fxe4 21. g5 Qf5 22. Qh6 Rf7 23. h4 d4 24. Rxd4 Qxf2 25.
Rhd1 Raf8 26. Rd7 Qf4+ 27. Kb1 1-0

[Event "Late-Titled-Tuesday-Blitz-May-28-2024"]
[Site "Chess.com"]
[Date "2024.05.28"]
[Round "11"]
[White "Dexter_Dyke"]
[Black "BabageldiAnnaberdiyev"]
[Result "0-1"]
[WhiteElo "2437"]
[BlackElo "2571"]
[TimeControl "180+1"]
[EndTime "16:04:30 PDT"]
[Termination "BabageldiAnnaberdiyev won on time"]

1. e4 e6 2. d4 d5 3. Nc3 Nf6 4. Bg5 Be7 5. e5 Nfd7 6. Bxe7 Qxe7 7. Qg4 O-O 8. Bd3 c5 9. Nf3 h6 10. h4 cxd4 11. Ne2 Nc6 12. Qg3 f5 13. exf6 Qxf6 14. O-O-O e5 15. Bb5 a6 16. Bxc6 bxc6 17. c3 dxc3 18.
Nxc3 Rb8 19. Rhe1 e4 20. Nd4 Ne5 21. Re2 Bg4 22. f3 Nd3+ 23. Rxd3 exd3 24. Rd2 Qxd4 25. Qxg4 Qxg4 26. fxg4 Rf1+ 27. Nd1 Rb4 28. g5 hxg5 29. hxg5 Rc4+ 30. Kb1 Rg4 31. Rxd3 Rxg2 32. b4 Rxg5 33. Kc2 Rg2+ 34. Kb3 g5 35. Nc3 g4 36. a4 Rf3 37.
Rd1 Rgg3 38. Rc1 d4 39. b5 Rxc3+ 40. Rxc3 Rxc3+ 41. Kb4 cxb5 42. axb5 axb5 43. Kxb5 g3 44. Kb6 g2 45. Kb7 g1=Q 46. Ka8 Qa1+ 47. Kb7 Qb2+ 0-1

[Event "Late-Titled-Tuesday-Blitz-May-28-2024"]
[Site "Chess.com"]
[Date "2024.05.28"]
[Round "11"]
[White "dennisodessa"]
[Black "Tibmat"]
[Result "1-0"]
[WhiteElo "2564"]
[BlackElo "2656"]
[TimeControl "180+1"]
[EndTime "16:04:31 PDT"]
[Termination "dennisodessa won by checkmate"]

1. d4 d6 2. c4 e5 3. d5 g6 4. e4 a5 5. Nc3 Na6 6. Bd3 Bh6 7.
Bxh6 Nxh6 8. Qd2 Ng4 9. f3 Nf6 10. Nge2 O-O 11. O-O-O Nc5 12. g4 c6 13. Ng3 cxd5 14.
exd5 a4 15. h4 Qa5 16. h5 a3 17. b3 Bd7 18. Kb1 Rac8 19. Nce4 Qxd2 20. Nxf6+ Kg7 21. Rxd2 Kxf6 22. Be2 Kg5 23. b4 Na4 24. Ne4+ Kf4 25. g5 Bf5 26. Rh4+ Ke3 27. Kc1 Rfd8 28. Kc2 b5 29. Rd3+ Kxe2 30. Rh2+ Kf1 31. Rd1# 1-0

[Event "Late-Titled-Tuesday-Blitz-May-28-2024"]
[Site "Chess.com"]
[Date "2024.05.28"]
[Round "11"]
[White "Dolphin_2010"]
[Black "GlavkonVVS"]
[Result "1-0"]
[WhiteElo "2751"]
[BlackElo "2570"]
[TimeControl "180+1"]
[EndTime "16:04:32 PDT"]
[Termination "Dolphin_2010 won by resignation"]

1. d4 Nf6 2. Bg5 c5 3. Bxf6 gxf6 4. c3 Qb6 5. Qc1 e6 6. Nf3 Nc6 7. e3 Rg8 8. g3 Bh6 9. Be2 cxd4 10. cxd4 d5 11. Nc3 Bd7 12. O-O Rc8 13. Qb1 f5 14. Na4 Qc7 15. b4 f6 16. Rc1 Qd6 17. Nc5 b6 18.
Nxd7 Kxd7 19. Bb5 Ke7 20. a3 Bxe3 21. fxe3 Rxg3+ 22. Kf2 Rh3 23. Rxc6 Rxc6 24. Bxc6 Qxc6 25. b5 Qc7 26. Kg2 Rh6 27. Qc1 Rg6+ 28. Kf2 Qd6 29. Qc8 f4 30. Rc1 fxe3+ 31. Kxe3 f5 32. Rc7+ Kf6 33. Qh8+ 1-0

[Event "Late-Titled-Tuesday-Blitz-May-28-2024"]
[Site "Chess.com"]
[Date "2024.05.28"]
[Round "11"]
[White "temus_galaktionov"]
[Black "bazar-wokzal"]
[Result "1-0"]
[WhiteElo "2862"]
[BlackElo "2592"]
[TimeControl "180+1"]
[EndTime "16:04:34 PDT"]
[Termination "temus_galaktionov won by resignation"]

1. d4 Nf6 2. Nf3 e6 3. c4 Nc6 4. Nc3 Bb4 5. Qc2 d6 6. a3 Bxc3+ 7. Qxc3 O-O 8. b4 Qe7 9. Bb2 Re8 10. e3 e5 11. dxe5 Nxe5 12. Nxe5 dxe5 13. Be2 Bf5 14. O-O Ne4 15. Qc1 a5 16. c5 Qh4 17. f3 Nf6 18. e4 Bg6 19. Qe3 Nh5 20. Rfd1 Nf4 21. Bf1 Qg5 22. Kh1 f6 23. Rd7 axb4 24. axb4 Rxa1 25. Bxa1 h5 26. Bc4+ Kh7 27. g3 Nh3 28. Qxg5 fxg5 29. Kg2 g4 30. Rxc7 Ng5 31. fxg4 Bxe4+ 32.
Kf2 hxg4 33. Ke3 Bh1 34. Bb5 Re6 35. Bd7 Re7 36. Bf5+ 1-0

[Event "Late-Titled-Tuesday-Blitz-May-28-2024"]
[Site "Chess.com"]
[Date "2024.05.28"]
[Round "11"]
[White "NMChessToImpress"]
[Black "janhelmer03"]
[Result "0-1"]
[WhiteElo "2299"]
[BlackElo "2383"]
[TimeControl "180+1"]
[EndTime "16:04:35 PDT"]
[Termination "janhelmer03 won by resignation"]

1. e4 c5 2. Nf3 d6 3. d4 cxd4 4. Nxd4 Nf6 5. Nc3 g6 6. Be3 Bg7 7. f3 O-O 8. Qd2 Nc6 9. Bc4 Nxd4 10. Bxd4 Be6 11. Bb3 Qa5 12. O-O Nd7 13. Rfd1 Bxd4+ 14. Qxd4 Qc5 15. Nd5 Qxd4+ 16. Rxd4 Bxd5 17. exd5 Nc5 18. Re1 Rfe8 19. c3 Kf8 20. Rh4 Kg7 21. Bc2 a5 22. b3 Nd7 23. Rhe4 Kf8 24. Rh4 Nf6 25.
c4 b6 26. Kf2 Ra7 27. g4 Kg7 28.
g5 Ng8 29. f4 h6 30. Re3 Rc8 31. gxh6+ Nxh6 32. Reh3 Rh8 33. Kf3 Rc7 34. f5 g5 35.
Rh5 g4+ 36. Kf4 gxh3 37. Rg5+ Kf6 0-1

[Event "Late-Titled-Tuesday-Blitz-May-28-2024"]
[Site "Chess.com"]
[Date "2024.05.28"]
[Round "11"]
[White "Love7Unicorn"]
[Black "FredddieCroderg"]
[Result "1-0"]
[WhiteElo "2535"]
[BlackElo "2321"]
[TimeControl "180+1"]
[EndTime "16:04:43 PDT"]
[Termination "Love7Unicorn won by resignation"]

1. d4 d5 2. c4 e6 3. g3 Nf6 4. Bg2 dxc4 5. Nf3 Nc6 6. O-O a6 7. a4 Be7 8. e3 O-O 9. Nbd2 Na5 10. Qc2 b5 11. Ne5 Nd5 12. b3 c3 13. axb5 axb5 14. Nb1 b4 15. Rxa5 Rxa5 16. Nc6 Ba6 17. Nxd8 Rxd8 18. Rd1 Ra8 19. e4 Nb6 20. Bf4 Bd8 21.
d5 exd5 22. exd5 Bb7 23. d6 Bxg2 24. dxc7 Bxc7 25. Bxc7 Ra2 26. Qxa2 1-0

[Event "Late-Titled-Tuesday-Blitz-May-28-2024"]
[Site "Chess.com"]
[Date "2024.05.28"]
[Round "11"]
[White "Synctel"]
[Black "KebabJangles"]
[Result "0-1"]
[WhiteElo "2085"]
[BlackElo "2274"]
[TimeControl "180+1"]
[EndTime "16:04:44 PDT"]
[Termination "KebabJangles won on time"]

1. d4 Nf6 2. Nf3 g6 3. Bf4 Bg7 4. e3 d6 5. h3 O-O 6. Be2 b6 7. O-O Bb7 8. Nbd2 Nbd7 9. Bh2 Ne4 10. Nxe4 Bxe4 11. Nd2 Bb7 12. Bf3 d5 13. c4 e5 14.
cxd5 exd4 15. exd4 Bxd4 16. Qc2 Nc5 17. Rad1 Bg7 18. b4 Na6 19. a3 Rc8 20. Qb3 Qd7 21. Nc4 Rfe8 22. d6 Bxf3 23. Qxf3 c5 24. bxc5 Nxc5 25. Ne3 Ne4 26. Nd5 f5 27. Rfe1 Rcd8 28. Qb3 Nc5 29. Ne7+ Kh8 30. Qf7 Rf8 31. Qd5 Ne4 32. f3 Nc3 33. Rd3 Nxd5 0-1